AoeStats
← ZigZag Doobski

Arena

509735989Analyzed
2v2 RM · 6d ago on Sep 27, 2026· 46m 3s· 4 players
Game mode
Random Map
Map size
Medium (4 player)
Population
200
Speed
Normal
Resources
Standard
Victory
Conquest
Starting age
Dark Age
Ending age
Imperial Age
RankedLock teamsTeams togetherTeam positionsShared explorationLock speedFull tech treeHidden civsTurbo modeCheats
Victory
Defeat
🇨🇦 Romans · Canada
677
+13
🇺🇸 Mongols · United States
538
+19
🇹🇷 Turks · Türkiye
612
-34
🇹🇷 Britons · Türkiye
612
-34
ZigZag Doobski
0:30 Loom
13:40 Feudal Age
17:54 Wheelbarrow
17:18 Horse Collar
17:28 Double-Bit Axe
17:36 Gold Mining
18:37 Stone Mining
22:24 Castle Age
21:45 Bloodlines
23:48 Hand Cart
23:34 Heavy Plow
23:48 Bow Saw
24:15 Forging
26:23 Husbandry
29:04 Scale Barding Armor
31:18 Gold Shaft Mining
31:15 Nomads
31:43 Masonry
32:18 Ballistics
32:54 Stone Shaft Mining
35:08 Chain Barding Armor
35:58 Iron Casting
35:26 Padded Archer Armor
38:50 Fortified Wall
40:00 Caravan
44:43 Imperial Age
44:49 Fletching
45:15 Leather Archer Armor
45:53 Conscription
46:15 Hoardings
BigTimTom
11:32 Feudal Age
12:29 Double-Bit Axe
17:03 Castle Age
15:18 Loom
15:41 Scale Mail Armor
16:51 Forging
16:28 Horse Collar
17:26 Stone Mining
18:18 Bow Saw
18:40 Man-at-Arms
21:04 Long Swordsman
26:12 Fletching
26:39 Heavy Plow
28:13 Wheelbarrow
27:24 Town Watch
28:55 Chain Mail Armor
29:16 Iron Casting
28:50 Squires
29:34 Murder Holes
30:00 Ballistics
30:03 Hand Cart
29:48 Town Patrol
29:52 Bodkin Arrow
32:59 Fortified Wall
37:41 Imperial Age
39:27 Crop Rotation
40:49 Siege Engineers
41:01 Siege Engineers
40:59 Town Patrol
42:19 Legionary
47:30 Blast Furnace
gorkews
14:26 Feudal Age
15:40 Double-Bit Axe
29:07 Castle Age
27:31 Gold Mining
28:57 Bloodlines
28:36 Arson
28:13 Man-at-Arms
32:06 Scale Mail Armor
32:18 Forging
32:15 Scale Barding Armor
hrnalkan16
10:54 Feudal Age
12:09 Horse Collar
17:07 Double-Bit Axe
22:48 Castle Age
21:30 Gold Mining
22:30 Padded Archer Armor
22:21 Fletching
23:30 Crossbowman
26:02 Bodkin Arrow
28:22 Coinage
28:59 Heavy Plow
29:13 Bow Saw
29:55 Gold Shaft Mining
31:40 Leather Archer Armor
32:39 Caravan
34:35 Yeomen
37:42 Imperial Age
39:35 Arbalester
39:44 Arbalester
41:05 Ring Archer Armor
Connection lost

Rejoining the realm…

Still unreachable

The connection could not be restored.

Session expired

The server has moved on; the page needs a fresh start.